 Dungeon Crawl Stone Soup version 0.28.0-53-g5a82cb258f (webtiles) character file.

Game seed: 14990328822728094604

70 seaoflcl the Shield-Bearer (level 3, -2/31 HPs)
             Began as a Demigod Fighter on May 22, 2022.
             Slain by a kobold
             ... wielding a +0 whip
              (3 damage)
             ... on level 2 of the Dungeon.
             The game lasted 00:01:43 (2066 turns).

seaoflcl the Shield-Bearer (Demigod Fighter)        Turns: 2066, Time: 00:01:44

Health: -2/31      AC:  6    Str: 21    XL:     3   Next: 76%
Magic:  5/5        EV:  9    Int: 16    God:
Gold:   68         SH:  4    Dex: 13    Spells: 2/2 levels left

rFire   . . .      SeeInvis .   a - +0 long sword
rCold   . . .      Faith    .   c - +0 buckler
rNeg    . . .      Spirit   .   b - +0 scale mail
rPois   .          Reflect  .   (no helmet)
rElec   .          Harm     .   (no cloak)
rCorr   .          Rampage  .   (no gloves)
Will    .....                   (no boots)
Stlth   ..........              (no amulet)
HPRegen 0.10/turn               f - +6 ring of intelligence
MPRegen 0.09/turn               (no ring)

@: no status effects
A: high MP 1, forlorn, divine attributes
a: no special abilities


You were on level 2 of the Dungeon.
You visited 1 branch of the dungeon, and saw 2 of its levels.

You collected 68 gold pieces.

Inventory:

Hand Weapons
 a - a +0 long sword (weapon)
Armour
 b - a +0 scale mail (worn)
 c - a +0 buckler (worn)
Jewellery
 f - a +6 ring of intelligence (left hand)
Scrolls
 g - a scroll of torment {unknown}
 i - a scroll of teleportation {unknown}
 l - a scroll of blinking {unknown}
 m - a scroll of identify {unknown}
Potions
 d - a potion of might
 e - 2 potions of attraction {unknown}
 h - a potion of magic {unknown}
 j - a potion of curing {unknown}
 k - a potion of heal wounds {unknown}


   Skills:
 + Level 3.2 Fighting
 + Level 2.4 Long Blades
 + Level 3.2 Armour
 + Level 3.2 Shields


You had 2 spell levels left.
You didn't know any spells.
Your spell library contained the following spells:

 Spells                   Type           Power      Damage    Failure   Level
 Conjure Ball Lightning   Conj/Air       0%         3x3d6     100%        6
 Borgnjor's Revivificati  Necr           0%         N/A       100%        8
 Discord                  Hex            0%         N/A       100%        8
 Disjunction              Tloc           0%         N/A       100%        8
 Necromutation            Tmut/Necr      0%         N/A       100%        8
 Death's Door             Necr           0%         N/A       100%        9


Dungeon Overview and Level Annotations

Branches:
Dungeon (2/15)


Innate Abilities, Weirdness & Mutations

You have an increased reservoir of magic. (+10% MP)
You shall have no god before yourself.
Your divine heritage dramatically boosts your attributes as you level up.


Message History

The adder misses you. The worm bites you. The kobold hits you with a +0 whip.
The adder barely misses you.
You are too injured to fight recklessly!
You are too injured to fight recklessly!
You are too injured to fight recklessly!
You are too injured to fight recklessly!
You are too injured to fight recklessly!
You are too injured to fight recklessly!
You are too injured to fight recklessly!
You are too injured to fight recklessly!
You are too injured to fight recklessly!
The kobold throws a stone.
The stone hits you but does no damage. You block the adder's attack.
You slash the adder!
The adder is severely wounded.
The adder bites you but does no damage. x2
You miss the adder.
The adder is severely wounded.
You block the adder's attack. The kobold closely misses you.
You miss the adder.
The adder is severely wounded.
You block the adder's attack. The kobold barely misses you.
The adder bites you but does no damage. The kobold hits you but does no damage.
You miss the adder.
The adder is severely wounded.
The adder bites you but does no damage. The kobold hits you but does no damage.
The adder bites you.
You slash the adder!
You kill the adder!
The kobold hits you but does no damage. The kobold hits you with a +0 whip.
* * * LOW HITPOINT WARNING * * *
You slash the worm!
The worm is almost dead.
The worm completely misses you. The kobold hits you with a +0 whip.
* * * LOW HITPOINT WARNING * * *
You barely miss the kobold. The kobold hits you with a +0 whip.
* * * LOW HITPOINT WARNING * * *
The worm misses you.
You closely miss the kobold. The kobold hits you with a +0 whip.
You die...

#.........# #...
#######'########
####### #....>........
... #.##############
#.#
#...##.........####..##
###.##.........#.......
#)##.).†.....# ###.##
##'##.†.......# #...<#
#....@........# #.#..#
#...Kw######### #..)
#.....# #... #.....#
#... #.....# ###.
#.....# .. #.....# #.
#.....# .. #.....# ##


You could see a worm and a kobold.

Vanquished Creatures
  An adder (D:2)
  5 dart slugs
  A ball python (D:1)
  4 endoplasms
  3 giant cockroaches
  2 hobgoblins
  6 jackals
  2 quokkas
  3 bats
  2 frilled lizards
  6 goblins
  4 kobolds
  7 rats
46 creatures vanquished.

Notes
Turn   | Place    | Note
-------+----------+-------------------------------------------
     0 | D:1      | seaoflcl the Demigod Fighter began the quest for the Orb.
     0 | D:1      | Reached XP level 1. HP: 18/18 MP: 3/3
   398 | D:1      | Reached XP level 2. HP: 25/25 MP: 4/4
  1129 | D:1      | Reached XP level 3. HP: 31/31 MP: 5/5
  2065 | D:2      | HP: 1/31 [kobold/+0 whip (3)]
  2066 | D:2      | Slain by a kobold

Illustrated notes

Levels and vault maps discovered:
D:1:      tarquinn_simple_flora_water_a, layout_basic, minmay_liquid_box
D:2:      layout_basic, ebering_ecumenical_altar_webs

Skill      XL: |  1  2 |
---------------+-------+-----
Long Blades    | 2 |  2.4
Armour         | 3 |  3.2
Shields        | 3 |  3.2
Fighting       | 3 |  3.2

Action                   || total
-------------------------++-------
Melee: Long sword        ||   134
Armor: Scale mail        ||    74
Dodge: Dodged            ||    70
Block: Buckler           ||    21
